 Dungeon Sprint DCSS version 0.31-a0-142-g31f6795574 (webtiles) character file.

Game seed: 14133104777255135122

253 rocky1 the Covert (level 6, -2/49 HPs)
             Began as a Vine Stalker Brigand on June 4, 2023.
             Splashed by a jelly's acid (8 damage)
             ... in the Dungeon (Sprint III: "The Ten Rune Challenge").
             The game lasted 00:01:31 (494 turns).

rocky1 the Covert (Vine Stalker Brigand)             Turns: 494, Time: 00:01:32

Health: -2/49      AC: -1    Str: 14    XL:     6   Next: 14%
Magic:  0/7        EV: 12    Int: 11    God:
Gold:   20         SH:  0    Dex: 17    Spells: 5/5 levels left

rFire   . . .        a - +2 dagger
rCold   . . .        (no shield)
rNeg    . . .        b - +0 robe
rPois   .            (no helmet)
rElec   .            c - +0 cloak
rCorr   .            (no gloves)
SInv    .            (no boots)
Will    .....        (no amulet) Stlth
                     (no ring)
HPRegen 1.08/turn    (no ring)
MPRegen 0.10/turn

%: no teleportation, guardian spirit
@: berserking (expiring), corroded, very quick
A: fangs 2, regeneration 1, magic shield, antimagic bite, no potion heal 2
a: no special abilities


You were in the Dungeon.
You visited 1 branch You collected 20 gold pieces.

Inventory:

Hand Weapons
 a - a +2 dagger (weapon)
Missiles
 d - 7 poisoned darts (quivered)
 e - 3 curare-tipped darts
Armour
 b - a +0 robe (worn)
 c - a +0 cloak (worn)
Scrolls
 k - 2 scrolls of poison {unknown}
 l - 2 scrolls of identify {unknown}
Potions
 f - a potion of curing
 g - a potion of haste
 h - 2 potions of magic
 j - 3 potions of mutation {unknown}
 m - a potion of heal wounds {unknown}
 n - a potion of attraction {unknown}
 o - a potion of enlightenment {unknown}


   Skills:
 + Level 3.7 Fighting
 + Level 3.9 Short Blades
 + Level 4.7 Throwing
 + Level 1.5 Dodging
 + Level 13.3 Stealth


You had 5 spell levels left.
You didn't know any spells.
Your spell library was empty.

Dungeon Overview and Level Annotations

Branches:
Dungeon (1/1)

Altars:


Innate Abilities, Weirdness & Mutations

You have extremely sharp teeth.
Your natural rate of healing is unusually fast.
When hurt, damage is shared between your health and your magic reserves.
Your bite disrupts and absorbs the magic of your enemies.
Potions cannot restore your health.


Message History

The shadow is lightly damaged.
The shadow slips into darkness.
The shadow flickers and vanishes!
Deactivating autopickup; reactivate with Ctrl-A.
You hit something. You miss something.
The shadow strikes at you from the darkness!
* * * LOW HITPOINT WARNING * * *
Reactivating autopickup.
You hit the shadow. You bite the shadow! You drain its power.
You feel invigorated.
The shadow is severely damaged.
You barely miss the shadow.
The shadow is severely damaged.
The shadow hits you.
You barely miss the shadow.
The shadow is severely damaged.
The shadow slips into darkness.
The shadow flickers and vanishes!
Deactivating autopickup; reactivate with Ctrl-A.
You hit something.
Reactivating autopickup.
You feel a bit more experienced.
Your Fighting skill increases to level 3!
Your Throwing skill increases to level 4!
Your Stealth skill gained 3 levels and is now at level 13!
You have reached level 5!
You have reached level 6!
Unknown command.
You hit the jelly.
Your hands burn!
* * * LOW HITPOINT WARNING * * *
The jelly is moderately wounded.
You puncture the jelly!
Your hands burn!
* * * LOW HITPOINT WARNING * * *
Your bite misses the jelly.
The jelly is severely wounded.
The jelly hits you.
* * * LOW HITPOINT WARNING * * *
The acid corrodes you!
You are splashed with acid!
You die...

▓▓▓ ##.# ####..#
#..#..#
#..#..###+#+###+##
##'#..#..........#
###...'.⌠.......@#
###...#...######J#
##....#.⌠.# #...#
#.....#...# #...#
......#+### #...#
#.....# #...+
##....# +...#
▓▓▓▓▓▓ ▓▓▓▓▓


You could see a jelly.

Vanquished Creatures
  A shadow (D)
  A water elemental (D)
  A human (D)
  A wolf (D)
  2 endoplasms (D)
  2 rats (D)
8 creatures vanquished.

Notes
Turn   | Place    | Note
-------+----------+-------------------------------------------
     0 | D        | rocky1 the Vine Stalker Brigand began the quest for the
                  | Orb.
     0 | D        | Reached XP level 1. HP: 11/11 MP: 2/2
    11 | D        | Reached skill level 5 in Stealth
    45 | D        | Reached skill level 6 in Stealth
    63 | D        | Noticed a wolf
    70 | D        | Killed a wolf
    71 | D        | Reached skill level 7 in Stealth
    71 | D        | Reached XP level 2. HP: 2/15 MP: 0/3
    83 | D        | Reached skill level 1 in Dodging
    83 | D        | Reached skill level 8 in Stealth
    83 | D        | Reached XP level 3. HP: 6/19 MP: 2/4
   216 | D        | Noticed a water elemental
   219 | D        | Killed a water elemental
   220 | D        | Reached skill level 10 in Stealth
   220 | D        | Gained mutation: Your natural rate of healing is unusually
                  | fast. [Vine Stalker growth]
   220 | D        | Reached XP level 4. HP: 23/23 MP: 5/5
   481 | D        | Noticed a shadow
   491 | D        | Killed a shadow
   492 | D        | Reached skill level 13 in Stealth
   492 | D        | Reached XP level 5. HP: 8/29 MP: 6/6
   492 | D        | Reached XP level 6. HP: 9/33 MP: 7/7
   494 | D        | Splashed by a jelly's acid

Illustrated notes

Levels and vault maps discovered:
D:        dungeon_sprint_mu [sprint_mu_entry_cave, sprint_mu_temple_rooms,
          sprint_mu_d1_spiders, sprint_mu_d2_genie, sprint_mu_d3_branching,
          sprint_mu_orc_legion, sprint_mu_elf_gauntlet, sprint_mu_hive_nellie,
          sprint_mu_lair_fedhas, sprint_mu_vaults_butterflies,
          sprint_mu_slime_circle, sprint_mu_swamp_cave, sprint_mu_shoals_kraken,
          sprint_mu_blade_basic, sprint_mu_crypt_fortress,
          sprint_mu_tomb_spiral, sprint_mu_vestibule_basic,
          sprint_mu_gehenna_hellfire, sprint_mu_dis_giant,
          sprint_mu_tartarus_statrot, sprint_mu_cocytus_islands, sprint_mu_zot1]

Skill      XL: |  1  2  3  4 |
---------------+-------------+-----
Stealth        | 7 8 10 13 | 13.3
Fighting       | 2 3 |  3.7
Short Blades   | 2 3 |  3.9
Throwing       | 2 3 4 |  4.7
Dodging        | 1 |  1.5

Action                     |  1- 3 |  4- 6 || total
---------------------------+-------+-------++-------
  Melee: Dagger            |    12 |    10 ||    22
         Bite              |     5 |     2 ||     7
  Throw: Dart              |    10 |       ||    10
    Use: Scroll            |     1 |       ||     1
         Potion            |       |     1 ||     1
   Stab: Sleeping          |     3 |       ||     3
 Armour: Robe              |     2 |     1 ||     3
  Dodge: Dodged            |     4 |       ||     4

Table legend: (Time is in decaauts)
 A = Elapsed time spent in this place.
 B = Non-inter-level travel time spent in this place.
 C = Inter-level travel time spent in this place.
 D = Time resting spent in this place.
 E = Time spent auto-exploring this place.
 F = Levels seen in this place.
 G = Mean time per level.
                   A        B        C        D        E       F      G
               +--------+--------+--------+--------+--------+-----+--------+
         Total |    487 |    487 |      0 |    348 |     40 |   1 |  487.0 |
       Dungeon |    487 |    487 |      0 |    348 |     40 |   1 |  487.0 |
               +--------+--------+--------+--------+--------+-----+--------+

Top non-repeatable levels by time:
       D: 487 daAuts
